 Dungeon Crawl Stone Soup version 0.27-a0-808-g60bc5d92e6 (webtiles) character file.

Game seed: 7625556326125556031

2 dickylongcocking the Insei (level 1, -2/12 HPs)
             Began as a Kobold Transmuter on Mar 29, 2021.
             Slain by a quokka (5 damage)
             ... on level 1 of the Dungeon.
             The game lasted 00:00:05 (91 turns).

dickylongcocking the Insei (Kobold Transmuter)        Turns: 91, Time: 00:00:05

Health: -2/12      AC:  2    Str:  7    XL:     1   Next: 44%
Magic:  3/3        EV: 15    Int: 14    God:
Gold:   0          SH:  0    Dex: 15    Spells: 3/4 levels left

rFire    . . .     SeeInvis .     - Unarmed
rCold    . . .     Faith    .   (shield restricted)
rNeg     . . .     Spirit   .   a - +0 robe
rPois    .         Reflect  .   (no helmet)
rElec    .         Harm     .   (no cloak)
rCorr    .         Rampage  .   (no gloves)
Will     .....                  (no boots)
Stlth    ++........             (no amulet)
HPRegen  0.04/turn              (no ring)
MPRegen  0.08/turn              (no ring)

@: no status effects
A: small, no large weapons, nightstalker 3
a: no special abilities


You were on level 1 of the Dungeon.
You visited 1 branch of the dungeon, and saw 1 of its levels.

Inventory:

Armour
 a - a +0 robe (worn)


   Skills:
 + Level 1.5 Fighting
 + Level 2.4 Dodging
 + Level 3.0 Unarmed Combat
 + Level 2.1 Spellcasting
 + Level 2.0 Transmutations


You had 3 spell levels left.
You knew the following spells:

 Your Spells              Type           Power      Damage    Failure   Level
a - Beastly Appendage     Tmut           14%        N/A       11%         1

Your spell library contained the following spells:

 Spells                   Type           Power      Damage    Failure   Level
 Wereblood                Tmut           7%         N/A       16%         2
 Spider Form              Tmut/Pois      2%         N/A       43%         3
 Ice Form                 Ice/Tmut       4%         N/A       83%         4
 Blade Hands              Tmut           3%         N/A       96%         5


Dungeon Overview and Level Annotations

Branches:
Dungeon (1/15)

Altars:


Innate Abilities, Weirdness & Mutations

You are small and have problems with some larger weapons.
You are completely attuned to the shadows.


Message History

You hit the dart slug.
You kill the dart slug!
Your transformation is almost over.
The quokka misses you. The quokka barely misses you.
You hit the quokka but do no damage. The quokka barely misses you.
You hit the quokka.
The quokka is lightly wounded.
The quokka bites you.
A kobold comes into view.
It is wielding a +0 short sword of electrocution.
The quokka closely misses you.
You hit the quokka but do no damage.
The quokka is lightly wounded.
The quokka bites you. The quokka barely misses you.
You are too injured to fight recklessly!
You are too injured to fight recklessly!
You are too injured to fight recklessly!
You completely miss the quokka.
The quokka is lightly wounded.
The quokka misses you. x2
You closely miss the quokka.
The quokka is lightly wounded.
The quokka barely misses you.
You hit the quokka. Your kick misses the quokka.
The quokka is moderately wounded.
The quokka barely misses you.
You closely miss the quokka. You claw the quokka.
The quokka is severely wounded.
Your horns disappear.
Your talons disappear.
The quokka bites you.
* * * LOW HITPOINT WARNING * * *
You closely miss the quokka.
The quokka is severely wounded.
The kobold shouts!
The kobold throws a stone.
The stone hits you but does no damage. The quokka closely misses you.
You closely miss the quokka.
The quokka is severely wounded.
The quokka bites you.
You die...

...## ....# ....#
....# ...### #...#
####.# #...# ###..#
#...# .....#
#...#####
.##.#########...@....
.##.###........r...K.
....#................
.####.#..............
......#######....####
.####.# #......
>..##.# #...###
.#.##.## .....
.#.#...#


You could see a quokka and a kobold.

Vanquished Creatures
  A dart slug (D:1)
1 creature vanquished.

Notes
Turn   | Place    | Note
-------+----------+-------------------------------------------
     0 | D:1      | dickylongcocking the Kobold Transmuter began the quest for
                  | the Orb.
     0 | D:1      | Reached XP level 1. HP: 12/12 MP: 3/3
    91 | D:1      | Slain by a quokka

Illustrated notes

Levels and vault maps discovered:
D:1:      noname_arrival_rooms_in_the_neighbourhood, layout_loops_cross,
          serial_glass, glass_columns_b, glass_columns_a,
          kennysheep_decorative_pillar

Action                   || total
-------------------------++-------
Melee: Unarmed           ||    11
       Kick              ||     1
       Headbutt          ||     1
 Cast: Beastly Appendage ||     1
Armor: Robe              ||     1
Dodge: Dodged            ||    11

Table legend: (Time is in decaauts)
 A = Elapsed time spent in this place.
 B = Non-inter-level travel time spent in this place.
 C = Inter-level travel time spent in this place.
 D = Time resting spent in this place.
 E = Time spent auto-exploring this place.
 F = Levels seen in this place.
 G = Mean time per level.
                   A        B        C        D        E       F      G
               +--------+--------+--------+--------+--------+-----+--------+
         Total |     90 |     90 |      0 |      0 |     72 |   1 |   90.0 |
       Dungeon |     90 |     90 |      0 |      0 |     72 |   1 |   90.0 |
               +--------+--------+--------+--------+--------+-----+--------+

Top non-repeatable levels by time:
     D:1: 90 daAuts
